 Dungeon Crawl Stone Soup version 0.29-a0-352-g0917bc69df (webtiles) character file.

Game seed: 1503366025592382796

300994 spaghetti the Peltast (level 20, -3/166 (172) HPs)
             Began as a Demonspawn Berserker on Apr 25, 2022.
             Was a High Priest of Trog.
             Killed from afar by a frost giant (34 damage)
             ... with a bolt of cold
             ... on level 1 of the Vaults.
             The game lasted 02:27:45 (38819 turns).

spaghetti the Peltast (Demonspawn Berserker)       Turns: 38819, Time: 02:27:45

HP:   -3/166 (172)  AC: 40    Str: 26    XL:     20   Next: 52%
MP:   0/22          EV: 20    Int: 15    God:    Trog [*****.]
Gold: 1843          SH: 35    Dex: 16    Spells: 21/21 levels left

rFire   . . .      SeeInvis .   O - +9 broad axe (elec) {axe}
rCold   . . .      Faith    .   l - +8 tower shield of the Beginning {Harm rElec rPois Str+6}
rNeg    . . .      Spirit   +   i - +15 Maxwell's patent armour {-Cast -Tele rElec Will+ rCorr}
rPois   +          Reflect  +   (helmet unavailable)
rElec   +          Harm     +   (cloak unavailable)
rCorr   +          Rampage  +   H - +2 pair of gloves
Will    +++++      NoTele   +   a - +2 pair of boots {rampage}
Stlth   .......... NoCast   +   B - amulet of reflection
HPRegen 1.37/turn               c - +4 ring of evasion
MPRegen 0.36/turn               Y - ring of the Octopus King {Wiz AC+1 EV+1 Str+1 Int+1 Dex+1}

@: strong-willed, on berserk cooldown, regenerating, slowed, lightly drained,
very slow
A: claws 2, horns 3, magic shield, magic regeneration, demonic magic 1,
bedeviling, weakness stinger 3, strong-willed 1
}: 1/15 runes: gossamer
a: Renounce Religion, Berserk, Trog's Hand, Brothers in Arms


You were on level 1 of the Vaults.
You worshipped Trog.
Trog was extremely pleased with you.
You visited 7 branches of the dungeon, and saw 35 of its levels.
You also visited: Bailey.

You collected 5067 gold pieces.
You spent 3224 gold pieces at shops.


Innate Abilities, Weirdness & Mutations

You have very sharp fingernails.
You have a pair of large horns on your head.
When hurt, damage is shared between your health and your magic reserves.
You regenerate magic rapidly.
Spells you cast may paralyse adjacent enemies.
Your hexes are more powerful.
You have a sharp stinger which inflicts weakening toxins.
You are strong-willed. (Will+)


   Skills:
 - Level 18.3 Fighting
 - Level 2.6 Axes
 - Level 8.0 Throwing
 - Level 15.6 Armour
 - Level 18.0 Dodging
 - Level 19.7 Shields
 + Level 3.4 Unarmed Combat
 - Level 1.4 Spellcasting


You had 21 spell levels left.
You didn't know any spells.
Your spell library contained the following spells:

 Spells                   Type           Power      Damage    Failure   Level
 Animate Skeleton         Necr           2%         N/A       77%         1
 Apportation              Tloc           2%         N/A       77%         1
 Beastly Appendage        Tmut           2%         N/A       77%         1
 Foxfire                  Conj/Fire      4%         2x1d4     77%         1
 Sandblast                Erth           2%         2d4       77%         1
 Shock                    Conj/Air       4%         1d3       77%         1
 Summon Small Mammal      Summ           4%         N/A       77%         1
 Ensorcelled Hibernation  Hex/Ice        2%         N/A       87%         2
 Passwall                 Tmut/Erth      0%         N/A       87%         2
 Call Canine Familiar     Summ           1%         N/A       98%         3
 Confusing Touch          Hex            1%         N/A       98%         3
 Conjure Flame            Conj/Fire      1%         6-21      98%         3
 Gell's Gravitas          Tloc           1%         N/A       98%         3
 Inner Flame              Hex/Fire       1%         N/A       98%         3
 Lesser Beckoning         Tloc           1%         N/A       98%         3
 Ozocubu's Armour         Ice            1%         N/A       98%         3
 Portal Projectile        Hex/Tloc       2%         N/A       98%         3
 Spider Form              Tmut/Pois      1%         N/A       98%         3
 Stone Arrow              Conj/Erth      2%         3d7       98%         3
 Summon Guardian Golem    Hex/Summ       1%         N/A       98%         3
 Swiftness                Air            1%         N/A       98%         3
 Teleport Other           Tloc           1%         N/A       98%         3
 Anguish                  Hex/Necr       0%         N/A       100%        4
 Animate Dead             Necr           0%         N/A       100%        4
 Cause Fear               Hex            0%         N/A       100%        4
 Flame Wave               Conj/Fire      1%         2d4       100%        4
 Hailstorm                Conj/Ice       1%         3d3       100%        4
 Ice Form                 Ice/Tmut       1%         N/A       100%        4
 Alistair's Intoxication  Tmut/Pois      0%         N/A       100%        5
 Blade Hands              Tmut           0%         N/A       100%        5
 Borgnjor's Vile Clutch   Necr/Erth      0%         N/A       100%        5
 Excruciating Wounds      Necr           0%         N/A       100%        5
 Fireball                 Conj/Fire      0%         3d3       100%        5
 Irradiate                Conj/Tmut      0%         3d13      100%        5
 Yara's Violent Unravell  Hex/Tmut       0%         3d3       100%        5
 Death Channel            Necr           0%         N/A       100%        6
 Dispersal                Tloc           0%         N/A       100%        6
 Eringya's Noxious Bog    Tmut/Pois      0%         N/A       100%        6
 Statue Form              Tmut/Erth      0%         N/A       100%        6
 Dragon Form              Tmut           0%         N/A       100%        7
 Enfeeble                 Hex            0%         N/A       100%        7
 Orb of Destruction       Conj           0%         9d5       100%        7
 Ozocubu's Refrigeration  Ice            0%         4d5       100%        7
 Spellforged Servitor     Conj/Summ      0%         N/A       100%        7
 Discord                  Hex            0%         N/A       100%        8
 Disjunction              Tloc           0%         N/A       100%        8
 Necromutation            Tmut/Necr      0%         N/A       100%        8
 Dragon's Call            Summ           0%         N/A       100%        9

Inventory:

Hand Weapons
 b - a +6 antimagic broad axe {axe}
   (Trog gifted it to you on level 4 of the Spider Nest)
 x - a +6 broad axe of flaming {axe}
   (Trog gifted it to you on level 4 of the Lair of Beasts)
 O - a +9 broad axe of electrocution (weapon) {axe}
   (You bought it in a shop on level 9 of the Dungeon)
Missiles
 e - 4 atropa-tipped darts {throwing}
 h - 861 stones (quivered) {throwing}
 s - 37 poisoned darts {throwing}
 v - a throwing net {=f!fthrowing}
 I - 9 curare-tipped darts {=fthrowing}
 P - 31 boomerangs {throwing}
 X - 3 javelins {throwing}
Armour
 a - a +2 pair of boots of rampaging (worn)
   (You bought it in a shop on level 2 of the Orcish Mines)
 i - the +15 Maxwell's patent armour (worn) {-Cast -Tele rElec Will+ rCorr}
   (You took it off an orc warrior in a bailey)

   rElec:     It insulates you from electricity.
   -Cast:     It prevents spellcasting.
   -Tele:     It prevents most forms of teleportation.
   rCorr:     It protects you from acid and corrosion.
   Will:      It increases your willpower.
 l - the +8 tower shield of the Beginning (worn) {Harm rElec rPois Str+6}
   (You took it off an orc warrior in a bailey)

   Str:       It affects your strength (+6).
   rElec:     It insulates you from electricity.
   rPois:     It protects you from poison.
   Harm:      It increases damage dealt and taken.
 H - a +2 pair of gloves (worn)
   (You found it on level 6 of the Dungeon)
Jewellery
 c - a +4 ring of evasion (left hand)
   (You found it on level 1 of the Dungeon)
 m - the ring "Gievvohi" {Wiz Dex+4}
   (You found it on level 1 of the Vaults)

   [ring of wizardry]

   It improves your spell success rate.
   Dex:       It affects your dexterity (+4).
 B - an amulet of reflection (around neck)
   (You found it on level 1 of the Spider Nest)
 E - a ring of fire
   (You took it off a deep elf annihilator on level 3 of the Elven Halls)
 Y - a ring of the Octopus King (right hand) {Wiz AC+1 EV+1 Str+1 Int+1 Dex+1}
   (You took it off a deep elf pyromancer on level 14 of the Dungeon)

   [ring of wizardry]

   It improves your spell success rate.
   AC:        It affects your AC (+1).
   EV:        It affects your evasion (+1).
   Str:       It affects your strength (+1).
   Int:       It affects your intelligence (+1).
   Dex:       It affects your dexterity (+1).
 Z - a ring of ice
   (You took it off a deep elf pyromancer on level 3 of the Elven Halls)
Wands
 u - a wand of polymorph (30)
   (You found it on level 3 of the Dungeon)
 w - a wand of flame (53)
   (You took it off Edmund on level 5 of the Dungeon)
 y - a wand of charming (12)
   (You found it on level 5 of the Dungeon)
 J - a wand of digging (21)
   (You found it on level 13 of the Dungeon)
 Q - a wand of paralysis (14)
   (You found it on level 10 of the Dungeon)
 R - a wand of iceblast (30)
   (You found it on level 10 of the Dungeon)
Scrolls
 d - 16 scrolls of teleportation {@r4}
 g - 8 scrolls of enchant armour
 j - a scroll of holy word {!r}
 n - 6 scrolls of fog
 o - 9 scrolls of magic mapping {!r}
 p - 6 scrolls of immolation {!r!r}
 A - 4 scrolls of blinking {!r}
 C - 2 scrolls of enchant weapon
 M - 3 scrolls of silence {!r}
 S - 13 scrolls of identify {@r1}
 T - a scroll of fear
 U - 4 scrolls of vulnerability {!r!r}
Potions
 k - 2 potions of might
 q - 17 potions of curing {@q1}
 r - 2 potions of lignification {!q}
 t - 2 potions of haste {@q3}
 z - 9 potions of ambrosia
 N - a potion of mutation {!q}
 W - 2 potions of cancellation
Miscellaneous
 f - a condenser vane
   (You found it in a bailey)
 F - a lightning rod (4/4)
   (You found it on level 3 of the Elven Halls)
 L - a box of beasts
   (You found it on level 9 of the Dungeon)

Dungeon Overview and Level Annotations

Branches:
Dungeon (15/15)            Temple (0/1) D:7            Lair (6/6) D:10
  Swamp (4/4) Lair:3       Spider (4/4) Lair:4        Slime (0/5) Lair:6
    Orc (2/2) D:9             Elf (3/3) Orc:2        Vaults (1/5) D:13
 Depths (0/4) D:15         Bailey (visited)

Altars:
Ashenzari
Cheibriados
Elyvilon
Fedhas
Gozag
Kikubaaqudgha
Okawaru
Trog
Uskayaw
Vehumet
Wu Jian
Xom
Yredelemnul
The Shining One
Jiyva

Shops:
D:9 (   D:13 :   Orc:1 ?   Orc:2 ***=[*   Elf:1 ::   Elf:2 (   Vaults:1 (

Portals:
Trove: D:12 (give 14 potions of heal wounds)

Annotations:
D:15 1 exclusion
Lair:1 1 exclusion
Lair:6 exclusion: 2 doors
Swamp:3 1 exclusion
Spider:1 1 exclusion
Spider:3 exclusion: downstairs
Spider:4 2 exclusions
Orc:1 Josephine
Elf:3 1 exclusion
Vaults:1 1 exclusion

#... ..∩ ... ..
######'#####
......Q....+
......CpZ..#
#@Z..# #....#
#))..# #).[.#
#.†..#############
#....#...........#
#....#.#########.#
#....#.#.....# #.#
#....'.#.###.# #.#


You could see a frost giant (soul bound), a tengu reaver (soul bound, strong), a
necromancer, a stone giant simulacrum and an ironbound convoker simulacrum.


Message History

Your mp is fully restored (22).
You hit the stone giant. You block the stone giant's attack.
You block the tengu reaver's attack. 😕 HP[+1]
You slash the stone giant! You headbutt the stone giant!!
You tail-slap the stone giant, but do no damage.
You slash the ironbound convoker!
The ironbound convoker closely misses you.
The necromancer gestures wildly while chanting.
The necromancer binds the souls of nearby monsters.
You block the stone giant's attack. The tengu reaver barely misses you.
You slash the stone giant! You tail-slap the stone giant!
The stone giant looks weaker.
You slash the ironbound convoker!
You block the ironbound convoker's attack.
You block the stone giant's attack.
The deep elf annihilator drinks a potion.
The deep elf annihilator flickers and vanishes!
Deactivating autopickup; reactivate with Ctrl-A.
A frost giant comes into view.
It is wielding a +0 battleaxe of freezing.
The tengu reaver hits you but does no damage. 😕 HP[+1]
You slice the stone giant!!
You kill the stone giant!
Trog accepts your kill.
You slash the ironbound convoker!
A freezing mist starts to gather...
A stone giant simulacrum comes into view.
The ironbound convoker points at the tengu reaver and mumbles some strange words.
The tengu reaver seems to grow stronger.
The necromancer gestures wildly while chanting.
The necromancer binds the souls of nearby monsters.
The tengu reaver gestures at you while chanting.
The bolt of negative energy misses you.
Unknown command.
Unknown command.
You slice the ironbound convoker!!
You kill the ironbound convoker!
Trog accepts your kill.
Trog appreciates your killing of a magic user.
You slash the stone giant simulacrum!
A freezing mist starts to gather...
An ironbound convoker simulacrum comes into view.
You are no longer berserk.
You are exhausted.
You feel yourself slow down. The frost giant casts a spell at you.
The bolt of cold hits you!!!
The necromancer points at you and mumbles some strange words.
The bolt of negative energy hits the ironbound convoker simulacrum.
The ironbound convoker simulacrum completely resists.
The bolt of negative energy hits you!!
You feel drained.
* * * LOW HITPOINT WARNING * * *
The tengu reaver hits you from afar with a +0 glaive of holy wrath.
* * * LOW HITPOINT WARNING * * *
You convulse.
* * * LOW HITPOINT WARNING * * *
😨 HP[-146] MP[-14]
You now have 166 max hp (-92).
You take 146 damage, and now have 57/166 hp.
MASSIVE DAMAGE!! (PAUSE)
You lost 14 mp, and now have 8/22 mp.
Your ogre goes berserk!
You block the stone giant simulacrum's attack.
The frost giant gestures at you while chanting.
The bolt of cold hits you but does no damage.
The bolt of cold hits your ogre!!!
Your ogre dies!
Your ogre's corpse disappears in a puff of smoke!
You block the tengu reaver's attack.
You block the stone giant simulacrum's attack.
Unknown command.
Unknown command.
Unknown command.
Your skin crawls.
You feel strong-willed. You block the tengu reaver's attack.
You block the necromancer's attack. You block the frost giant's attack.
The stone giant simulacrum hits you but does no damage.
You block the tengu reaver's attack. 😨 HP[+2] MP[+1]
You regained 2 hp, and now have 59/166 hp.
Unknown command.
Unknown command.
Unknown command.
You hit the frost giant. You headbutt the frost giant.
You hit the stone giant simulacrum but do no damage.
You slash the ironbound convoker simulacrum!
Lightning courses through the ironbound convoker simulacrum!
You barely miss the necromancer.
The necromancer casts a spell.
The necromancer binds the souls of nearby monsters.
You block the frost giant's attack. You block the tengu reaver's attack.
You block the ironbound convoker simulacrum's attack.
The stone giant simulacrum hits you.
* * * LOW HITPOINT WARNING * * *
The stone giant simulacrum freezes you!!
* * * LOW HITPOINT WARNING * * *
The necromancer hits you but does no damage.
The frost giant points at you and mumbles some strange words.
The bolt of cold hits you!!
You die...

Skill      XL: |  1  2  3  4  5  6  7  8  9 10 11 12 13 14 15 16 17 18 19 20 |
---------------+-------------------------------------------------------------+-----
Fighting       | 4 5 6 8 9 12 13 15 17 18 | 18.3
Dodging        | 2 8 9 10 12 13 18 | 18.0
Throwing       | 2 3 8 |  8.0
Spellcasting   | 1 |  1.4
Armour         | 5 6 8 11 13 15 | 15.6
Shields        | 3 7 9 15 16 17 18 19 | 19.7
Unarmed Combat | 3 |  3.4
Axes           | |  2.6

Action                   |  1- 3 |  4- 6 |  7- 9 | 10-12 | 13-15 | 16-18 | 19-21 || total
-------------------------+-------+-------+-------+-------+-------+-------+-------++-------
Melee: Hand axe          |    27 |       |       |       |       |       |       ||    27
       Dagger            |    32 |   202 |       |       |       |       |       ||   234
       Headbutt          |     4 |    31 |    50 |    84 |   159 |   277 |    58 ||   663
       Punch             |     1 |     5 |       |     1 |       |       |       ||     7
       Spear             |       |    12 |   283 |   256 |       |       |       ||   551
       Tailslap          |       |       |    39 |    52 |   117 |   189 |    45 ||   442
       Peck              |       |       |    15 |     1 |       |       |       ||    16
       Broad axe         |       |       |       |   302 |   608 |  1109 |   210 ||  2229
       Flail             |       |       |       |     2 |       |       |       ||     2
       Eveningstar       |       |       |       |       |    11 |       |       ||    11
Throw: Stone             |    31 |    25 |    31 |    87 |    73 |    49 |    42 ||   338
       Dart              |       |     4 |       |     1 |       |       |       ||     5
Invok: Berserk           |     1 |     9 |    11 |    15 |     9 |    18 |     7 ||    70
       Trog's Hand       |       |     1 |       |     9 |     6 |     7 |     2 ||    25
       Brothers in Arms  |       |       |       |       |     1 |    11 |     3 ||    15
Evoke: Condenser vane    |       |       |       |     1 |       |       |       ||     1
  Use: Scroll            |       |     6 |     5 |    13 |     8 |     8 |     3 ||    43
       Potion            |       |       |     1 |    13 |     1 |     8 |     1 ||    24
 Stab: Sleeping          |       |     1 |     2 |       |       |       |       ||     3
       Distracted        |       |       |       |       |     1 |       |       ||     1
Armor: Animal skin       |     8 |    17 |    40 |    13 |       |       |       ||    78
       Plate armour      |       |       |       |   235 |   673 |   836 |    97 ||  1841
       Skin              |       |       |       |    10 |       |       |       ||    10
Dodge: Dodged            |    45 |   167 |   200 |   350 |   529 |   833 |   131 ||  2255
Block: Tower shield      |       |       |       |   544 |  1353 |  2397 |   389 ||  4683
       Reflection        |       |       |       |       |       |    80 |    13 ||    93

Levels and vault maps discovered:
D:1:      minmay_arrival_up_and_down, layout_rooms,
          chequers_serial_rivers_micro_e
D:2:      layout_basic, hellmonk_ecumenical_altar_run_dry
D:3:      layout_rooms, cheibrodos_sewer_entry_bend
D:4:      layout_cave_pools, mainiacjoe_overflow_six_doors_small,
          chequers_serial_rivers_room_a
D:5:      layout_gridville, grunt_temple_overflow_open, corner_web_ring,
          uniq_edmund
D:6:      layout_rooms, mainiacjoe_overflow_alcove_1
D:7:      layout_layer_cave, minmay_temple_entry_antechambers
D:8:      layout_cave_pools, nicolae_overflow_crystal_walls,
          nicolae_kikubaaqudgha_miasma_corner, marbit_many_paths
D:9:      layout_loops_cross, kennysheep_ying_yang, erik_orc_1, enter_bailey_1,
          serial_shops, nicolae_shop_hallway_plus, hex_tiny, uniq_pikel
D:10:     layout_loops_ring, kennysheep_little_box,
          mainiacjoe_overflow_concentric_impassable, overflow_temple_1_default,
          mainiacjoe_overflow_surrounded_room, dpeg_lair_monsters, uniq_sonja
D:11:     layout_long_grid, uniq_erica
D:12:     layout_loops_ring, nicolae_trove_entry_columns
D:13:     layout_roguey, grunt_vaults_entry_tiered, serial_shops,
          nicolae_diamond_shop, nicolae_shop_self_help
D:14:     minmay_nested_s, layout_irregular_city, chequers_arboretum
D:15:     grunt_enter_depths_hoard, layout_cross, uniq_azrael
Lair:1:   layout_regular_city, uniq_grum, uniq_harold, uniq_gastronok
Lair:2:   layout_chaotic_city
Lair:3:   layout_misc_corridors, minmay_swamp_entry_swarm,
          minmay_stone_trees_small, lemuel_fruit_fields, serial_bayou_shore_b,
          lemuel_fruit_fields
Lair:4:   layout_roguey, spider_nest_entry_rubble
Lair:5:   layout_cellular_growth, gauntlet_entry_generic, serial_bayou_shore_a
Lair:6:   cheibrodos_lair_end_hotspot, layout_layer_cave, slime_altar_1
Swamp:1:  layout_basic_swamp, basic_altar, uniq_donald
Swamp:2:  cheibrodos_swamp_monstrosity, layout_basic_swamp,
          evilmike_swamp_ruin_rubble_1
Swamp:3:  layout_basic_swamp, nicolae_swamp_bean_lake, st_swamp_ruins_3,
          infiniplex_staircase_pool_2, uniq_bai_suzhen
Swamp:4:  swamp, layout_basic_swamp, ebering_ghost_inner_flame
Spider:1: layout_spider_delve
Spider:2: layout_spider_delve, drop_trap
Spider:3: layout_spider_delve, portal_ice_cave_entry_pillars_four, drop_trap
Spider:4: grunt_spider_rune_island, drop_trap, uniq_asterion
Orc:1:    layout_diamond_mine, serial_shops, shop, uniq_josephine
Orc:2:    grunt_orc_tribal_feast, layout_diamond_mine, serial_shops,
          nicolae_shop_competitors_out_of_business, nicolae_shop_gadgets
Elf:1:    hangedman_cross_stitches, layout_loops_corners, serial_shops, shop,
          nicolae_lakefront_shop, minivault_28, uniq_kirke, uniq_frances
Elf:2:    elven_hall_of_blades_hangedman_alternative [nicolae_blade_bullseye],
          layout_geoelf_octagon, serial_shops, shop, uniq_roxanne
Elf:3:    minmay_elf_hall_dome, layout_geoelf_octagon
Vaults:1: nicolae_vaults_stairing_the_circle, nicolae_vaults_c_with_doors,
          ontoclasm_vaults_spin, nicolae_vaults_network_quinsquares
          [nicolae_vaults_network_quincunx_subvault,
          nicolae_vaults_network_quincunx_subvault,
          nicolae_vaults_network_quincunx_subvault,
          nicolae_vaults_network_quincunx_subvault], dpeg_vaults_monster_box,
          v_misc_31, nicolae_vaults_little_squares_4,
          nicolae_vaults_yaktaur_gun_rack, ontoclasm_vaults_twist,
          layout_vaults_big_room

Notes
Turn   | Place    | Note
-------+----------+-------------------------------------------
     0 | D:1      | spaghetti the Demonspawn Berserker began the quest for the
                  | Orb.
     0 | D:1      | Reached XP level 1. HP: 18/18 MP: 1/1
     0 | D:1      | magus.rc [v1.9.6]
    17 | D:1      | HP: 3/18 [frozen (5)]
   576 | D:1      | You feel monstrous as your demonic heritage exerts itself.
   576 | D:1      | Discovered your monstrous ancestry.
   576 | D:1      | Gained mutation: You have a pair of small horns on your
                  | head. [demonic ancestry]
   576 | D:1      | Reached XP level 2. HP: 24/24 MP: 2/2
  1001 | D:2      | Reached skill level 4 in Fighting
  1039 | D:2      | HP: 6/25 [worm (8)]
  1345 | D:2      | Noticed a scorpion
  1347 | D:2      | Reached XP level 3. HP: 30/30 MP: 3/3
  1355 | D:2      | Killed a scorpion
  1356 | D:2      | Reached skill level 5 in Fighting
  1356 | D:2      | Reached XP level 4. HP: 32/39 MP: 4/4
  1473 | D:2      | Found a faded altar of an unknown god.
  2248 | D:3      | HP: 15/60 [poisoned by an adder]
  2253 | D:3      | HP: 6/40 [poisoned by an adder]
  2525 | D:3      | Reached XP level 5. HP: 46/46 MP: 5/5
  2570 | D:3      | You add the spells Alistair's Intoxication, Borgnjor's Vile
                  | Clutch and Eringya's Noxious Bog to your library.
  2893 | D:3      | Reached ** piety under Trog
  2894 | D:3      | Reached skill level 6 in Fighting
  3360 | D:4      | Reached XP level 6. HP: 53/53 MP: 6/6
  3558 | D:4      | Reached skill level 7 in Fighting
  3813 | D:4      | Found a hide-covered altar of Uskayaw.
  4299 | D:4      | You pick up a book of Cantrips {forbidden} and begin
                  | reading...
  4299 | D:4      | You add the spells Animate Skeleton, Summon Small Mammal
                  | and Apportation to your library.
  4543 | D:4      | Identified the +4 spear of the Traitor {antimagic, rC+}
  4610 | D:5      | Entered Level 5 of the Dungeon
  4633 | D:5      | Noticed Edmund
  4648 | D:5      | Killed Edmund
  4649 | D:5      | Reached skill level 8 in Fighting
  4649 | D:5      | Gained mutation: You have a small tail. [demonic ancestry]
  4649 | D:5      | Reached XP level 7. HP: 50/63 MP: 2/7
  4926 | D:5      | Reached skill level 9 in Fighting
  5393 | D:5      | You pick up a book of Displacement {forbidden} and begin
                  | reading...
  5393 | D:5      | You add the spells Lesser Beckoning, Gell's Gravitas and
                  | Teleport Other to your library.
  5440 | D:5      | Found an opulent altar of Gozag.
  5440 | D:5      | Found a snail-covered altar of Cheibriados.
  6068 | D:6      | Gained mutation: You have a tail ending in a sharp stinger.
                  | [demonic ancestry]
  6068 | D:6      | Reached XP level 8. HP: 62/72 MP: 2/8
  6076 | D:6      | Reached skill level 10 in Fighting
  6468 | D:6      | Reached skill level 11 in Fighting
  6475 | D:6      | HP: 28/112 [yak (17)]
  6778 | D:6      | Reached skill level 12 in Fighting
  6778 | D:6      | Reached skill level 2 in Dodging
  7127 | D:6      | Gained mutation: You regenerate magic rapidly. [demonic
                  | ancestry]
  7127 | D:6      | Reached XP level 9. HP: 70/82 MP: 3/9
  7239 | D:6      | Found an iron altar of Okawaru.
  7542 | D:7      | Reached skill level 3 in Dodging
  7737 | D:7      | Reached *** piety under Trog
  7752 | D:7      | Reached skill level 4 in Dodging
  7869 | D:7      | Found a staircase to the Ecumenical Temple.
  8011 | D:7      | You pick up a book of Unlife {forbidden} and begin
                  | reading...
  8011 | D:7      | You add the spells Animate Dead and Death Channel to your
                  | library.
  8238 | D:8      | Reached skill level 5 in Dodging
  8250 | D:8      | Gained mutation: You are weak. (Str -2) [potion of
                  | mutation]
  8250 | D:8      | Gained mutation: You are partially covered in iridescent
                  | scales. (AC +2) [potion of mutation]
  8250 | D:8      | Gained mutation: You occasionally shout uncontrollably at
                  | your foes. [potion of mutation]
  8250 | D:8      | Gained mutation: You have a beak for a mouth. [potion of
                  | mutation]
  8277 | D:8      | You pick up a book of Geomancy {forbidden} and begin
                  | reading...
  8277 | D:8      | You add the spells Sandblast, Passwall and Stone Arrow to
                  | your library.
  8279 | D:8      | Found a shimmering altar of Xom.
  8432 | D:8      | You pick up a book of Geomancy {forbidden} and begin
                  | reading...
  8454 | D:8      | Reached skill level 6 in Dodging
  8606 | D:8      | Reached skill level 7 in Dodging
  8796 | D:8      | Found an ancient bone altar of Kikubaaqudgha.
  8849 | D:8      | Found a radiant altar of Vehumet.
  9118 | D:9      | Noticed a two-headed ogre
  9127 | D:9      | Killed a two-headed ogre
  9128 | D:9      | Reached skill level 8 in Dodging
  9128 | D:9      | Gained mutation: When hurt, damage is shared between your
                  | health and your magic reserves. [demonic ancestry]
  9128 | D:9      | Reached XP level 10. HP: 89/89 MP: 3/10
  9277 | D:9      | Lost mutation: You have a beak for a mouth. [potion of
                  | mutation]
  9277 | D:9      | Lost mutation: You are partially covered in iridescent
                  | scales. (AC +2) [potion of mutation]
  9277 | D:9      | Gained mutation: You have hidden genetic potential. [potion
                  | of mutation]
  9277 | D:9      | Gained mutation: Your flesh is heat resistant. (rF+)
                  | [potion of mutation]
  9355 | D:9      | Noticed Pikel
  9372 | D:9      | Killed Pikel
  9373 | D:9      | Reached skill level 1 in Throwing
  9373 | D:9      | Reached skill level 1 in Spellcasting
  9404 | D:9      | Found a flagged portal.
  9414 | Bailey   | Entered a bailey
  9645 | Bailey   | Noticed an orc knight
  9647 | Bailey   | Identified the +8 tower shield of the Beginning {Harm rElec
                  | rPois Str+6}
  9647 | Bailey   | an orc warrior comes into view. It is wielding a +0
                  | trident, wearing the +15 Maxwell's patent armour {-Cast
                  | -Tele rElec Will+ rCorr} and wearing the +8 tower shield of
                  | the Beginning {Harm rElec rPois Str+6}.
  9657 | Bailey   | Reached skill level 2 in Throwing
  9657 | Bailey   | Reached skill level 9 in Dodging
  9657 | Bailey   | Aim: an orc warrior, wielding a +0 trident, wearing the +15
                  | Maxwell's patent armour {-Cast -Tele rElec Will+ rCorr} and
                  | wearing the +8 tower shield of the Beginning {Harm rElec
                  | rPois Str+6} (strong, about 24% to evade the +4 spear of
                  | the Traitor)
  9657 | Bailey   | Aim: an orc warrior, wielding a +0 trident, wearing the +15
                  | Maxwell's patent armour {-Cast -Tele rElec Will+ rCorr} and
                  | wearing the +8 tower shield of the Beginning {Harm rElec
                  | rPois Str+6} (strong, about 24% to evade the +4 spear of
                  | the Traitor)
  9658 | Bailey   | Aim: an orc warrior, wielding a +0 trident, wearing the +15
                  | Maxwell's patent armour {-Cast -Tele rElec Will+ rCorr} and
                  | wearing the +8 tower shield of the Beginning {Harm rElec
                  | rPois Str+6} (strong, about 24% to evade the +4 spear of
                  | the Traitor)
  9658 | Bailey   | Aim: an orc warrior, wielding a +0 trident, wearing the +15
                  | Maxwell's patent armour {-Cast -Tele rElec Will+ rCorr} and
                  | wearing the +8 tower shield of the Beginning {Harm rElec
                  | rPois Str+6} (strong, about 24% to evade the +4 spear of
                  | the Traitor)
  9659 | Bailey   | Aim: an orc warrior, wielding a +0 trident, wearing the +15
                  | Maxwell's patent armour {-Cast -Tele rElec Will+ rCorr} and
                  | wearing the +8 tower shield of the Beginning {Harm rElec
                  | rPois Str+6} (strong, about 24% to evade the +4 spear of
                  | the Traitor)
  9659 | Bailey   | Aim: an orc warrior, wielding a +0 trident, wearing the +15
                  | Maxwell's patent armour {-Cast -Tele rElec Will+ rCorr} and
                  | wearing the +8 tower shield of the Beginning {Harm rElec
                  | rPois Str+6} (strong, about 24% to evade the +4 spear of
                  | the Traitor)
  9660 | Bailey   | Aim: an orc warrior, wielding a +0 trident, wearing the +15
                  | Maxwell's patent armour {-Cast -Tele rElec Will+ rCorr} and
                  | wearing the +8 tower shield of the Beginning {Harm rElec
                  | rPois Str+6} (strong, about 24% to evade the +4 spear of
                  | the Traitor)
  9660 | Bailey   | Aim: an orc warrior, wielding a +0 trident, wearing the +15
                  | Maxwell's patent armour {-Cast -Tele rElec Will+ rCorr} and
                  | wearing the +8 tower shield of the Beginning {Harm rElec
                  | rPois Str+6} (strong, about 24% to evade the +4 spear of
                  | the Traitor)
  9661 | Bailey   | Aim: an orc warrior, wielding a +0 trident, wearing the +15
                  | Maxwell's patent armour {-Cast -Tele rElec Will+ rCorr} and
                  | wearing the +8 tower shield of the Beginning {Harm rElec
                  | rPois Str+6} (strong, about 24% to evade the +4 spear of
                  | the Traitor)
  9661 | Bailey   | Aim: an orc warrior, wielding a +0 trident, wearing the +15
                  | Maxwell's patent armour {-Cast -Tele rElec Will+ rCorr} and
                  | wearing the +8 tower shield of the Beginning {Harm rElec
                  | rPois Str+6} (strong, about 24% to evade the +4 spear of
                  | the Traitor)
  9662 | Bailey   | Aim: an orc warrior, wielding a +0 trident, wearing the +15
                  | Maxwell's patent armour {-Cast -Tele rElec Will+ rCorr} and
                  | wearing the +8 tower shield of the Beginning {Harm rElec
                  | rPois Str+6} (strong, about 24% to evade the +4 spear of
                  | the Traitor)
  9662 | Bailey   | Aim: an orc warrior, wielding a +0 trident, wearing the +15
                  | Maxwell's patent armour {-Cast -Tele rElec Will+ rCorr} and
                  | wearing the +8 tower shield of the Beginning {Harm rElec
                  | rPois Str+6} (strong, about 24% to evade the +4 spear of
                  | the Traitor)
  9663 | Bailey   | Aim: an orc warrior, wielding a +0 trident, wearing the +15
                  | Maxwell's patent armour {-Cast -Tele rElec Will+ rCorr} and
                  | wearing the +8 tower shield of the Beginning {Harm rElec
                  | rPois Str+6} (lightly wounded, strong, about 24% to evade
                  | the +4 spear of the Traitor)
  9663 | Bailey   | Aim: an orc warrior, wielding a +0 trident, wearing the +15
                  | Maxwell's patent armour {-Cast -Tele rElec Will+ rCorr} and
                  | wearing the +8 tower shield of the Beginning {Harm rElec
                  | rPois Str+6} (lightly wounded, strong, about 24% to evade
                  | the +4 spear of the Traitor)
  9664 | Bailey   | Aim: an orc warrior, wielding a +0 trident, wearing the +15
                  | Maxwell's patent armour {-Cast -Tele rElec Will+ rCorr} and
                  | wearing the +8 tower shield of the Beginning {Harm rElec
                  | rPois Str+6} (lightly wounded, strong, chance to affect:
                  | 17%)
  9664 | Bailey   | Aim: an orc warrior, wielding a +0 trident, wearing the +15
                  | Maxwell's patent armour {-Cast -Tele rElec Will+ rCorr} and
                  | wearing the +8 tower shield of the Beginning {Harm rElec
                  | rPois Str+6} (lightly wounded, strong, chance to affect:
                  | 17%)
  9786 | Bailey   | Killed an orc knight
  9787 | Bailey   | Reached skill level 3 in Armour
  9941 | Bailey   | Aim: an orc warrior, wielding a +0 trident, wearing the +15
                  | Maxwell's patent armour {-Cast -Tele rElec Will+ rCorr} and
                  | wearing the +8 tower shield of the Beginning {Harm rElec
                  | rPois Str+6} (freezing vapour, about 25% to evade the +4
                  | spear of the Traitor)
  9941 | Bailey   | Aim: an orc warrior, wielding a +0 trident, wearing the +15
                  | Maxwell's patent armour {-Cast -Tele rElec Will+ rCorr} and
                  | wearing the +8 tower shield of the Beginning {Harm rElec
                  | rPois Str+6} (freezing vapour, about 25% to evade the +4
                  | spear of the Traitor)
  9942 | Bailey   | Reached skill level 4 in Armour
  9942 | Bailey   | Aim: an orc warrior, wielding a +0 trident, wearing the +15
                  | Maxwell's patent armour {-Cast -Tele rElec Will+ rCorr} and
                  | wearing the +8 tower shield of the Beginning {Harm rElec
                  | rPois Str+6} (freezing vapour, about 25% to evade the +4
                  | spear of the Traitor)
  9942 | Bailey   | Aim: an orc warrior, wielding a +0 trident, wearing the +15
                  | Maxwell's patent armour {-Cast -Tele rElec Will+ rCorr} and
                  | wearing the +8 tower shield of the Beginning {Harm rElec
                  | rPois Str+6} (freezing vapour, about 25% to evade the +4
                  | spear of the Traitor)
  9943 | Bailey   | Aim: an orc warrior, wielding a +0 trident, wearing the +15
                  | Maxwell's patent armour {-Cast -Tele rElec Will+ rCorr} and
                  | wearing the +8 tower shield of the Beginning {Harm rElec
                  | rPois Str+6} (freezing vapour, lightly wounded, about 25%
                  | to evade the +4 spear of the Traitor)
  9943 | Bailey   | Aim: an orc warrior, wielding a +0 trident, wearing the +15
                  | Maxwell's patent armour {-Cast -Tele rElec Will+ rCorr} and
                  | wearing the +8 tower shield of the Beginning {Harm rElec
                  | rPois Str+6} (freezing vapour, lightly wounded, about 25%
                  | to evade the +4 spear of the Traitor)
  9944 | Bailey   | Aim: an orc warrior, wielding a +0 trident, wearing the +15
                  | Maxwell's patent armour {-Cast -Tele rElec Will+ rCorr} and
                  | wearing the +8 tower shield of the Beginning {Harm rElec
                  | rPois Str+6} (freezing vapour, lightly wounded, about 25%
                  | to evade the +4 spear of the Traitor)
  9944 | Bailey   | Aim: an orc warrior, wielding a +0 trident, wearing the +15
                  | Maxwell's patent armour {-Cast -Tele rElec Will+ rCorr} and
                  | wearing the +8 tower shield of the Beginning {Harm rElec
                  | rPois Str+6} (freezing vapour, lightly wounded, about 25%
                  | to evade the +4 spear of the Traitor)
  9945 | Bailey   | Aim: an orc warrior, wielding a +0 trident, wearing the +15
                  | Maxwell's patent armour {-Cast -Tele rElec Will+ rCorr} and
                  | wearing the +8 tower shield of the Beginning {Harm rElec
                  | rPois Str+6} (freezing vapour, heavily wounded, about 25%
                  | to evade the +4 spear of the Traitor)
  9945 | Bailey   | Aim: an orc warrior, wielding a +0 trident, wearing the +15
                  | Maxwell's patent armour {-Cast -Tele rElec Will+ rCorr} and
                  | wearing the +8 tower shield of the Beginning {Harm rElec
                  | rPois Str+6} (freezing vapour, heavily wounded, about 25%
                  | to evade the +4 spear of the Traitor)
  9946 | Bailey   | Aim: an orc warrior, wielding a +0 trident, wearing the +15
                  | Maxwell's patent armour {-Cast -Tele rElec Will+ rCorr} and
                  | wearing the +8 tower shield of the Beginning {Harm rElec
                  | rPois Str+6} (freezing vapour, heavily wounded, about 25%
                  | to evade the +4 spear of the Traitor)
  9946 | Bailey   | Aim: an orc warrior, wielding a +0 trident, wearing the +15
                  | Maxwell's patent armour {-Cast -Tele rElec Will+ rCorr} and
                  | wearing the +8 tower shield of the Beginning {Harm rElec
                  | rPois Str+6} (freezing vapour, heavily wounded, about 25%
                  | to evade the +4 spear of the Traitor)
  9947 | Bailey   | Aim: an orc warrior, wielding a +0 trident, wearing the +15
                  | Maxwell's patent armour {-Cast -Tele rElec Will+ rCorr} and
                  | wearing the +8 tower shield of the Beginning {Harm rElec
                  | rPois Str+6} (freezing vapour, almost dead, about 25% to
                  | evade the +4 spear of the Traitor)
  9947 | Bailey   | Aim: an orc warrior, wielding a +0 trident, wearing the +15
                  | Maxwell's patent armour {-Cast -Tele rElec Will+ rCorr} and
                  | wearing the +8 tower shield of the Beginning {Harm rElec
                  | rPois Str+6} (freezing vapour, almost dead, about 25% to
                  | evade the +4 spear of the Traitor)
  9948 | Bailey   | Aim: an orc warrior, wielding a +0 trident, wearing the +15
                  | Maxwell's patent armour {-Cast -Tele rElec Will+ rCorr} and
                  | wearing the +8 tower shield of the Beginning {Harm rElec
                  | rPois Str+6} (almost dead, about 25% to evade the +4 spear
                  | of the Traitor)
  9948 | Bailey   | Aim: an orc warrior, wielding a +0 trident, wearing the +15
                  | Maxwell's patent armour {-Cast -Tele rElec Will+ rCorr} and
                  | wearing the +8 tower shield of the Beginning {Harm rElec
                  | rPois Str+6} (almost dead, about 25% to evade the +4 spear
                  | of the Traitor)
  9949 | Bailey   | Aim: an orc warrior, wielding a +0 trident, wearing the +15
                  | Maxwell's patent armour {-Cast -Tele rElec Will+ rCorr} and
                  | wearing the +8 tower shield of the Beginning {Harm rElec
                  | rPois Str+6} (almost dead, about 25% to evade the +4 spear
                  | of the Traitor)
  9949 | Bailey   | Aim: an orc warrior, wielding a +0 trident, wearing the +15
                  | Maxwell's patent armour {-Cast -Tele rElec Will+ rCorr} and
                  | wearing the +8 tower shield of the Beginning {Harm rElec
                  | rPois Str+6} (almost dead, about 25% to evade the +4 spear
                  | of the Traitor)
  9950 | Bailey   | Aim: an orc warrior, wielding a +0 trident, wearing the +15
                  | Maxwell's patent armour {-Cast -Tele rElec Will+ rCorr} and
                  | wearing the +8 tower shield of the Beginning {Harm rElec
                  | rPois Str+6} (almost dead, about 25% to evade the +4 spear
                  | of the Traitor)
  9950 | Bailey   | Aim: an orc warrior, wielding a +0 trident, wearing the +15
                  | Maxwell's patent armour {-Cast -Tele rElec Will+ rCorr} and
                  | wearing the +8 tower shield of the Beginning {Harm rElec
                  | rPois Str+6} (almost dead, about 25% to evade the +4 spear
                  | of the Traitor)
  9951 | Bailey   | Aim: an orc warrior, wielding a +0 trident, wearing the +15
                  | Maxwell's patent armour {-Cast -Tele rElec Will+ rCorr} and
                  | wearing the +8 tower shield of the Beginning {Harm rElec
                  | rPois Str+6} (almost dead, about 25% to evade the +4 spear
                  | of the Traitor)
  9951 | Bailey   | Aim: an orc warrior, wielding a +0 trident, wearing the +15
                  | Maxwell's patent armour {-Cast -Tele rElec Will+ rCorr} and
                  | wearing the +8 tower shield of the Beginning {Harm rElec
                  | rPois Str+6} (almost dead, about 25% to evade the +4 spear
                  | of the Traitor)
  9952 | Bailey   | Aim: an orc warrior, wielding a +0 trident, wearing the +15
                  | Maxwell's patent armour {-Cast -Tele rElec Will+ rCorr} and
                  | wearing the +8 tower shield of the Beginning {Harm rElec
                  | rPois Str+6} (almost dead, about 25% to evade the +4 spear
                  | of the Traitor)
  9952 | Bailey   | Aim: an orc warrior, wielding a +0 trident, wearing the +15
                  | Maxwell's patent armour {-Cast -Tele rElec Will+ rCorr} and
                  | wearing the +8 tower shield of the Beginning {Harm rElec
                  | rPois Str+6} (almost dead, about 25% to evade the +4 spear
                  | of the Traitor)
  9953 | Bailey   | Aim: an orc warrior, wielding a +0 trident, wearing the +15
                  | Maxwell's patent armour {-Cast -Tele rElec Will+ rCorr} and
                  | wearing the +8 tower shield of the Beginning {Harm rElec
                  | rPois Str+6} (almost dead, about 25% to evade the +4 spear
                  | of the Traitor)
  9953 | Bailey   | Aim: an orc warrior, wielding a +0 trident, wearing the +15
                  | Maxwell's patent armour {-Cast -Tele rElec Will+ rCorr} and
                  | wearing the +8 tower shield of the Beginning {Harm rElec
                  | rPois Str+6} (almost dead, about 25% to evade the +4 spear
                  | of the Traitor)
  9955 | Bailey   | Aim: an orc warrior, wielding a +0 trident, wearing the +15
                  | Maxwell's patent armour {-Cast -Tele rElec Will+ rCorr} and
                  | wearing the +8 tower shield of the Beginning {Harm rElec
                  | rPois Str+6} (almost dead, about 25% to evade the +4 spear
                  | of the Traitor)
  9955 | Bailey   | Aim: an orc warrior, wielding a +0 trident, wearing the +15
                  | Maxwell's patent armour {-Cast -Tele rElec Will+ rCorr} and
                  | wearing the +8 tower shield of the Beginning {Harm rElec
                  | rPois Str+6} (almost dead, about 25% to evade the +4 spear
                  | of the Traitor)
  9956 | Bailey   | Aim: an orc warrior, wielding a +0 trident, wearing the +15
                  | Maxwell's patent armour {-Cast -Tele rElec Will+ rCorr} and
                  | wearing the +8 tower shield of the Beginning {Harm rElec
                  | rPois Str+6} (almost dead, about 25% to evade the +4 spear
                  | of the Traitor)
  9956 | Bailey   | Aim: an orc warrior, wielding a +0 trident, wearing the +15
                  | Maxwell's patent armour {-Cast -Tele rElec Will+ rCorr} and
                  | wearing the +8 tower shield of the Beginning {Harm rElec
                  | rPois Str+6} (almost dead, about 25% to evade the +4 spear
                  | of the Traitor)
  9957 | Bailey   | Aim: an orc warrior, wielding a +0 trident, wearing the +15
                  | Maxwell's patent armour {-Cast -Tele rElec Will+ rCorr} and
                  | wearing the +8 tower shield of the Beginning {Harm rElec
                  | rPois Str+6} (almost dead, about 25% to evade the +4 spear
                  | of the Traitor)
  9957 | Bailey   | Aim: an orc warrior, wielding a +0 trident, wearing the +15
                  | Maxwell's patent armour {-Cast -Tele rElec Will+ rCorr} and
                  | wearing the +8 tower shield of the Beginning {Harm rElec
                  | rPois Str+6} (almost dead, about 25% to evade the +4 spear
                  | of the Traitor)
  9958 | Bailey   | Aim: an orc warrior, wielding a +0 trident, wearing the +15
                  | Maxwell's patent armour {-Cast -Tele rElec Will+ rCorr} and
                  | wearing the +8 tower shield of the Beginning {Harm rElec
                  | rPois Str+6} (almost dead, about 25% to evade the +4 spear
                  | of the Traitor)
  9958 | Bailey   | Aim: an orc warrior, wielding a +0 trident, wearing the +15
                  | Maxwell's patent armour {-Cast -Tele rElec Will+ rCorr} and
                  | wearing the +8 tower shield of the Beginning {Harm rElec
                  | rPois Str+6} (almost dead, about 25% to evade the +4 spear
                  | of the Traitor)
  9959 | Bailey   | Aim: an orc warrior, wielding a +0 trident, wearing the +15
                  | Maxwell's patent armour {-Cast -Tele rElec Will+ rCorr} and
                  | wearing the +8 tower shield of the Beginning {Harm rElec
                  | rPois Str+6} (severely wounded, about 25% to evade the +4
                  | spear of the Traitor)
  9959 | Bailey   | Aim: an orc warrior, wielding a +0 trident, wearing the +15
                  | Maxwell's patent armour {-Cast -Tele rElec Will+ rCorr} and
                  | wearing the +8 tower shield of the Beginning {Harm rElec
                  | rPois Str+6} (severely wounded, about 25% to evade the +4
                  | spear of the Traitor)
  9960 | Bailey   | Aim: an orc warrior, wielding a +0 trident, wearing the +15
                  | Maxwell's patent armour {-Cast -Tele rElec Will+ rCorr} and
                  | wearing the +8 tower shield of the Beginning {Harm rElec
                  | rPois Str+6} (severely wounded, about 25% to evade the +4
                  | spear of the Traitor)
  9960 | Bailey   | Aim: an orc warrior, wielding a +0 trident, wearing the +15
                  | Maxwell's patent armour {-Cast -Tele rElec Will+ rCorr} and
                  | wearing the +8 tower shield of the Beginning {Harm rElec
                  | rPois Str+6} (severely wounded, about 25% to evade the +4
                  | spear of the Traitor)
 10129 | D:9      | Found a basalt altar of Yredelemnul.
 10444 | D:9      | Found Dyzapp's Antique Weapon Shop.
 10449 | D:9      | Bought a glowing broad axe for 245 gold pieces
 10508 | D:9      | Reached skill level 1 in Shields
 10540 | D:9      | Reached skill level 2 in Shields
 10572 | D:9      | Found a staircase to the Orcish Mines.
 10901 | D:10     | Entered Level 10 of the Dungeon
 10931 | D:10     | Noticed Sonja
 10950 | D:10     | Killed Sonja
 10951 | D:10     | Reached skill level 3 in Shields
 11005 | D:10     | Reached skill level 5 in Armour
 11074 | D:10     | Noticed a death yak
 11079 | D:10     | Noticed a death yak
 11081 | D:10     | Noticed a death yak
 11085 | D:10     | Killed a death yak
 11086 | D:10     | Reached XP level 11. HP: 95/95 MP: 11/13
 11086 | D:10     | Killed a death yak
 11087 | D:10     | Reached skill level 4 in Shields
 11088 | D:10     | Killed a death yak
 11088 | D:10     | Reached **** piety under Trog
 11095 | D:10     | Gained mutation: You have sharp fingernails. [hidden
                  | potential]
 11105 | D:10     | Found a staircase to the Lair.
 11177 | D:10     | Found a bloodstained altar of Trog.
 11194 | D:10     | Found an ornate altar of the Wu Jian Council.
 11424 | D:10     | Found a blossoming altar of Fedhas.
 11663 | Orc:1    | Entered Level 1 of the Orcish Mines
 11663 | Orc:1    | Noticed a two-headed ogre
 11671 | Orc:1    | Killed a two-headed ogre
 11672 | Orc:1    | Reached skill level 5 in Shields
 11672 | Orc:1    | Noticed an orc high priest
 11687 | D:9      | Killed an orc high priest
 11783 | Orc:1    | Found Iruogop's Magic Scroll Shop.
 11839 | Orc:2    | Entered Level 2 of the Orcish Mines
 11839 | Orc:2    | Noticed an orc warlord
 11839 | Orc:2    | Noticed an orc sorcerer
 11844 | Orc:1    | Killed an orc sorcerer
 11845 | Orc:1    | Reached skill level 6 in Armour
 11862 | Orc:1    | Reached skill level 6 in Shields
 12270 | Orc:2    | Killed an orc warlord
 12271 | Orc:2    | Reached skill level 10 in Dodging
 12277 | Orc:2    | HP: 22/97 [orc warrior/+0 halberd (17)]
 12333 | Orc:2    | Found Lefezil's Gadget Gallery.
 12348 | Orc:2    | Noticed an orc knight
 12352 | Orc:2    | Noticed an orc high priest
 12359 | Orc:2    | Noticed a sixfirhy
 12360 | Orc:2    | Noticed an orc high priest
 12362 | Orc:2    | Killed an orc knight
 12362 | Orc:2    | Noticed an orc knight
 12366 | Orc:2    | Reached skill level 7 in Shields
 12366 | Orc:2    | Noticed a sun demon
 12366 | Orc:2    | Noticed a sixfirhy
 12367 | Orc:2    | You cannot blink because you are wearing the +15 Maxwell's
                  | patent armour {-Cast -Tele rElec Will+ rCorr}.
 12374 | Orc:2    | Gained mutation: You have a pair of horns on your head.
                  | [demonic ancestry]
 12374 | Orc:2    | Reached XP level 12. HP: 35/103 MP: 4/14
 12374 | Orc:2    | HP: 25/103 [orc high priest/divine providence (13)]
 12374 | Orc:2    | HP: 12/103 [orc high priest/+0 trident (2)]
 12375 | Orc:2    | Killed an orc high priest
 12378 | Orc:2    | HP: 2/103 [ice devil[an orc high priest] (15)]
 12379 | Orc:2    | Killed an orc high priest
 12379 | Orc:2    | Reached ***** piety under Trog
 12380 | Orc:2    | Reached skill level 13 in Fighting
 12384 | Orc:2    | HP: 10/105 [orc warrior/+0 hand axe (7)]
 12385 | Orc:2    | Lost mutation: You are weak. (Str -2) [hidden potential]
 12385 | Orc:2    | Lost mutation: You have hidden genetic potential. [hidden
                  | potential expressed]
 12518 | Orc:2    | Found Cunecrab's Assorted Antiques.
 12526 | Orc:2    | Found a staircase to the Elven Halls.
 12572 | Orc:2    | Bought a potion of mutation for 152 gold pieces
 12572 | Orc:2    | Lost mutation: Your flesh is heat resistant. (rF+) [potion
                  | of mutation]
 12572 | Orc:2    | Lost mutation: You have sharp fingernails. [potion of
                  | mutation]
 12572 | Orc:2    | Lost mutation: You occasionally shout uncontrollably at
                  | your foes. [potion of mutation]
 12572 | Orc:2    | Gained mutation: You are dopey. (Int -2) [potion of
                  | mutation]
 12572 | Orc:2    | Lost mutation: You are dopey. (Int -2) [potion of mutation]
 12696 | Orc:2    | Reached skill level 7 in Armour
 12710 | Orc:1    | Noticed Josephine
 12792 | Orc:2    | Reached skill level 8 in Shields
 12793 | Orc:2    | Noticed an orc high priest
 12799 | Orc:2    | Killed an orc high priest
 12806 | Orc:2    | Noticed an orc high priest
 12814 | Orc:2    | Gained mutation: You sometimes lose the ability to read
                  | scrolls when taking damage. [a neqoxec]
 12815 | Orc:2    | Gained mutation: Your magical capacity is low. (-10% MP) [a
                  | neqoxec]
 12816 | Orc:2    | Killed an orc high priest
 12818 | Orc:2    | Found Puanwopo's Antique Armour Boutique.
 12818 | Orc:2    | Found Coumeaqo's Jewellery Shoppe.
 12890 | Orc:2    | Found Xuewua's General Store.
 12890 | Orc:2    | Found Isanaust's General Store.
 12896 | Orc:2    | Bought a pair of glowing boots for 217 gold pieces
 12986 | Orc:2    | Bought a scroll of enchant armour for 90 gold pieces
 12987 | Orc:2    | Bought a scroll of enchant armour for 120 gold pieces
 12993 | Orc:2    | magus.rc [v1.9.6]
 13106 | D:11     | Identified a +1 robe of the Archmagi
 13108 | D:11     | Noticed a boulder beetle
 13109 | D:11     | Noticed a two-headed ogre
 13116 | D:11     | Killed a two-headed ogre
 13119 | D:11     | Killed a boulder beetle
 13445 | D:11     | Reached skill level 9 in Shields
 13453 | D:11     | Noticed a two-headed ogre
 13461 | D:11     | Killed a two-headed ogre
 13462 | D:11     | Reached skill level 8 in Armour
 13686 | D:11     | Noticed Erica
 13694 | D:11     | Killed Erica
 14057 | D:12     | Noticed a four-headed hydra
 14068 | D:12     | Killed a four-headed hydra
 14169 | D:12     | Gained mutation: You have sharp fingernails. [demonic
                  | ancestry]
 14169 | D:12     | Reached XP level 13. HP: 112/112 MP: 13/13
 14363 | D:12     | Found a portal to a secret trove of treasure.
 14649 | D:13     | Found Qukh's Armour Shop.
 14744 | D:13     | Found Bykhlevoo's Self-Improvement Boutique.
 15037 | D:13     | Reached skill level 9 in Armour
 15056 | D:13     | Reached skill level 14 in Fighting
 15094 | D:13     | You pick up a book of Hexes {forbidden} and begin
                  | reading...
 15094 | D:13     | You add the spells Inner Flame, Cause Fear and Discord to
                  | your library.
 15096 | D:13     | You pick up a book of Dangerous Friends {forbidden} and
                  | begin reading...
 15096 | D:13     | You add the spells Summon Guardian Golem, Orb of
                  | Destruction and Spellforged Servitor to your library.
 15102 | D:13     | Found a gate to the Vaults.
 15106 | D:13     | Received a gift from Trog
 15121 | D:13     | K - a +6 eveningstar {macerare=g}
 15280 | D:13     | Reached skill level 10 in Armour
 15666 | D:14     | Reached skill level 15 in Fighting
 15824 | D:14     | K - a +6 eveningstar (weapon) {macerare=g}
 15842 | D:14     | Identified the +4 ring mail of the Lily {+Blink}
 15931 | D:14     | Reached skill level 11 in Armour
 15931 | D:14     | Reached XP level 14. HP: 123/123 MP: 10/14
 16198 | D:14     | K - a +6 eveningstar (weapon) {macerare=g}
 16397 | D:14     | Found the ring of the Octopus King {Wiz AC+1 EV+1 Str+1
                  | Int+1 Dex+1}
 16397 | D:14     | a deep elf pyromancer comes into view. It is wielding a +0
                  | dagger and wearing a ring of the Octopus King {Wiz AC+1
                  | EV+1 Str+1 Int+1 Dex+1}.
 16399 | D:14     | Reached skill level 16 in Fighting
 16405 | D:14     | Reached skill level 12 in Armour
 16603 | D:15     | Entered Level 15 of the Dungeon
 16622 | D:15     | Noticed Azrael
 16812 | D:15     | Killed Azrael
 16902 | D:15     | HP: 47/189 [ogre mage/bolt of magma (30)]
 16903 | D:15     | Reached skill level 17 in Fighting
 16905 | D:15     | Received a gift from Trog
 16906 | D:15     | Reached skill level 13 in Armour
 17000 | D:15     | You pick up a book of Burglary {forbidden} and begin
                  | reading...
 17000 | D:15     | You add the spells Ensorcelled Hibernation and Swiftness to
                  | your library.
 17023 | D:15     | Lost mutation: You sometimes lose the ability to read
                  | scrolls when taking damage. [potion of mutation]
 17023 | D:15     | Lost mutation: Your magical capacity is low. (-10% MP)
                  | [potion of mutation]
 17023 | D:15     | Gained mutation: You are agile. (Dex +2) [potion of
                  | mutation]
 17108 | D:15     | You pick up a book of Flames {forbidden} and begin
                  | reading...
 17108 | D:15     | You add the spells Foxfire, Conjure Flame and Flame Wave to
                  | your library.
 17242 | D:15     | Found a staircase to the Depths.
 17442 | Lair:1   | Entered Level 1 of the Lair of Beasts
 17448 | Lair:1   | Noticed Harold
 17456 | Lair:1   | Killed Harold
 17475 | Lair:1   | Noticed Gastronok
 17487 | Lair:1   | Killed Gastronok
 17488 | Lair:1   | Gained mutation: Spells you cast may paralyse adjacent
                  | enemies. [demonic ancestry]
 17488 | Lair:1   | Reached XP level 15. HP: 134/134 MP: 17/17
 17552 | Lair:1   | Noticed Grum
 17574 | Lair:1   | Killed Grum
 17699 | Lair:1   | You pick up a book of the Warp {forbidden} and begin
                  | reading...
 17699 | Lair:1   | You add the spells Dispersal and Disjunction to your
                  | library.
 18145 | Lair:1   | Identified the +4 dagger "Wuigibyf" {drain, Contam rPois
                  | Int+8 Stlth+}
 18535 | D:13     | Bought a manual of Shields for 1200 gold pieces
 18654 | Lair:3   | You pick up a book of Dreams {forbidden} and begin
                  | reading...
 18654 | Lair:3   | You add the spells Spider Form and Anguish to your library.
 18672 | Lair:3   | Reached skill level 10 in Shields
 18758 | Lair:3   | Found a staircase to the Swamp.
 18850 | Lair:3   | Reached skill level 11 in Shields
 19323 | Lair:4   | Found a hole to the Spider Nest.
 19432 | Lair:4   | Received a gift from Trog
 19562 | Lair:4   | Reached skill level 12 in Shields
 19911 | Lair:4   | You drop a +6 eveningstar {macerare=g}.
 19916 | Lair:4   | K - a +6 eveningstar {macerare=g}
 19939 | Lair:5   | Found a gate leading to a gauntlet.
 19973 | Lair:5   | Reached skill level 13 in Shields
 20144 | Lair:5   | You pick up a book of Callings {forbidden} and begin
                  | reading...
 20383 | Lair:5   | Reached skill level 14 in Shields
 20700 | Lair:6   | Entered Level 6 of the Lair of Beasts
 20783 | Lair:6   | You pick up a book of the Dragon {forbidden} and begin
                  | reading...
 20783 | Lair:6   | You add the spells Dragon Form and Dragon's Call to your
                  | library.
 20867 | Lair:6   | Reached skill level 15 in Shields
 20943 | Lair:6   | Found a staircase to the Slime Pits.
 20943 | Lair:6   | Found a viscous altar of Jiyva.
 21304 | Lair:6   | Reached ****** piety under Trog
 21317 | Lair:6   | Reached XP level 16. HP: 101/141 MP: 14/18
 21381 | Lair:6   | Found a large runed translucent door.
 21381 | Lair:6   | Found a large runed translucent door.
 21418 | Lair:6   | Reached skill level 11 in Dodging
 21425 | Lair:6   | Received a gift from Trog
 21490 | Lair:6   | You pick up a book of Weapons {forbidden} and begin
                  | reading...
 21490 | Lair:6   | You add the spells Portal Projectile, Excruciating Wounds
                  | and Blade Hands to your library.
 21717 | Spider:1 | Entered Level 1 of the Spider Nest
 21765 | Spider:1 | Reached skill level 14 in Armour
 22123 | Spider:2 | HP: 34/141 [meliai/+0 hand axe (8)]
 22124 | Spider:2 | HP: 16/141 [meliai/divine providence (15)]
 22670 | Spider:2 | Received a gift from Trog
 23178 | Spider:3 | Reached skill level 16 in Shields
 23567 | Spider:3 | Reached skill level 12 in Dodging
 23590 | Spider:3 | Reached skill level 3 in Throwing
 24172 | Spider:4 | Entered Level 4 of the Spider Nest
 24372 | Spider:4 | Noticed Asterion
 24393 | Spider:4 | Killed Asterion
 25150 | Spider:4 | Received a gift from Trog
 25452 | Spider:4 | Reached skill level 15 in Armour
 25455 | Spider:4 | a +2 executioner's axe of flaming {axerare=g}; a jumping
                  | spider corpse
 25677 | Spider:4 | Gained mutation: You have very sharp fingernails. [demonic
                  | ancestry]
 25677 | Spider:4 | Reached XP level 17. HP: 89/146 MP: 12/19
 25678 | Spider:4 | Reached skill level 4 in Throwing
 25964 | Spider:4 | S - a +2 executioner's axe of flaming {axerare=g}
 26041 | Spider:4 | Received a gift from Trog
 26085 | Spider:4 | You drop a +2 executioner's axe of flaming {axerare=g}.
 26164 | Spider:4 | HP: 33/149 [disintegration (40)]
 26489 | Spider:3 | >>e Careful
 26489 | Spider:3 | magus.rc [v1.9.6]
 26489 | Spider:3 | magus.rc [v1.9.6]
 26607 | Swamp:1  | Entered Level 1 of the Swamp
 26670 | Swamp:1  | Reached skill level 13 in Dodging
 27097 | Swamp:1  | Noticed Donald
 27108 | Swamp:1  | Killed Donald
 27172 | Swamp:1  | Found a broken altar of Ashenzari.
 27281 | Swamp:1  | Reached skill level 18 in Fighting
 27287 | Swamp:1  | Reached skill level 5 in Throwing
 28149 | Swamp:2  | Reached skill level 6 in Throwing
 28353 | Swamp:2  | Noticed a tentacled monstrosity
 28372 | Swamp:2  | Killed a tentacled monstrosity
 28783 | Swamp:3  | Reached skill level 7 in Throwing
 28845 | Swamp:2  | magus.rc [v1.9.6]
 28994 | Swamp:3  | Lost mutation: You are agile. (Dex +2) [potion of mutation]
 28994 | Swamp:3  | Gained mutation: You are strong-willed. (Will+) [potion of
                  | mutation]
 29097 | Swamp:3  | Noticed Bai Suzhen
 29109 | Swamp:3  | Killed Bai Suzhen
 29140 | Swamp:3  | Reached skill level 8 in Throwing
 29318 | Swamp:3  | You pick up a book of Flames {forbidden} and begin
                  | reading...
 29634 | Swamp:4  | Entered Level 4 of the Swamp
 30112 | D:13     | Bought a manual of Dodging for 1200 gold pieces
 30294 | Elf:1    | Entered Level 1 of the Elven Halls
 30356 | Elf:1    | Found Ogi Foed's Book Emporium.
 30686 | Elf:1    | Gained mutation: You have a sharp stinger which inflicts
                  | weakening toxins. [demonic ancestry]
 30686 | Elf:1    | Reached XP level 18. HP: 136/158 MP: 20/20
 30772 | Elf:1    | Noticed Frances
 30779 | Elf:1    | Killed Frances
 30910 | Elf:1    | Found Taaxietau's Book Boutique.
 30985 | Elf:1    | Noticed Kirke
 30994 | Elf:1    | Reached skill level 14 in Dodging
 30996 | Elf:1    | Killed Kirke
 31187 | Elf:1    | Paralysed by an air elemental for 1 turns
 31431 | Elf:1    | Reached skill level 15 in Dodging
 31489 | Elf:1    | Received a gift from Trog
 31841 | Elf:1    | You pick up a book of Dreams {forbidden} and begin
                  | reading...
 32032 | Elf:2    | Identified Roxanne's Compendium of Transmigration
 32032 | Elf:2    | Noticed Roxanne
 32044 | Elf:2    | Paralysed by an air elemental for 1 turns
 32050 | Elf:2    | Killed Roxanne
 32053 | Elf:2    | Reached skill level 16 in Dodging
 32053 | Elf:2    | You add the spells Beastly Appendage, Ice Form, Statue Form
                  | and Necromutation to your library.
 32239 | Elf:2    | Found Zaomoach's Weapon Shoppe.
 32527 | Elf:2    | Found a huge runed translucent gate.
 32527 | Elf:2    | Found a huge runed translucent gate.
 32527 | Elf:2    | Found a huge runed translucent gate.
 32527 | Elf:2    | Found a huge runed translucent gate.
 32527 | Elf:2    | Found a huge runed translucent gate.
 32731 | Elf:2    | Reached skill level 17 in Dodging
 32802 | Elf:2    | F - a +0 vampiric executioner's axe {axerare=g}
 33455 | Elf:3    | Entered Level 3 of the Elven Halls
 33534 | Elf:3    | Reached skill level 18 in Dodging
 33857 | Elf:3    | Reached skill level 17 in Shields
 34134 | Elf:3    | Noticed a Tzitzimitl
 34136 | Elf:3    | HP: 28/158 [deep elf high priest/divine providence (14)]
 34137 | Elf:3    | You cannot blink because you are wearing the +15 Maxwell's
                  | patent armour {-Cast -Tele rElec Will+ rCorr}.
 34141 | Elf:3    | HP: 25/158 [poisoned by a green death (poison arrow)]
 34392 | Elf:1    | magus.rc [v1.9.6]
 35116 | Elf:3    | Gained mutation: Your hexes are more powerful. [demonic
                  | ancestry]
 35116 | Elf:3    | Reached XP level 19. HP: 164/164 MP: 7/21
 35395 | Elf:3    | HP: 37/243 [???[a deep elf demonologist] (46)]
 35802 | Elf:3    | Reached skill level 18 in Shields
 35839 | Elf:3    | Identified a scroll of acquirement
 35844 | Elf:3    | Acquired 770 gold pieces
 36062 | Elf:3    | Identified the +9 flail of the Fulmar {chaos, rN+ Will+++
                  | rCorr Str-2}
 36543 | Elf:3    | Found the +3 hat of Pondering {ponderous, Will+ MP+10
                  | Int+5}
 36548 | Elf:3    | You pick up a book of Burglary {forbidden} and begin
                  | reading...
 36551 | Elf:3    | You pick up a book of Transfigurations {forbidden@e2} and
                  | begin reading...
 36554 | Elf:3    | You add the spells Ozocubu's Armour and Ozocubu's
                  | Refrigeration to your library.
 36555 | Elf:3    | Identified the +1 scale mail of Orehuys {Int+3 Stlth+}
 36557 | Elf:3    | You pick up a book of Burglary {forbidden} and begin
                  | reading...
 36564 | Elf:3    | You drop a +0 vampiric executioner's axe {axerare=g}.
 36566 | Elf:3    | You drop a +6 eveningstar {macerare=g}.
 36568 | Elf:3    | You pick up a book of Misfortune {forbidden} and begin
                  | reading...
 36568 | Elf:3    | You add the spells Confusing Touch, Yara's Violent
                  | Unravelling and Enfeeble to your library.
 36572 | Elf:3    | You add the spells Shock, Hailstorm and Fireball to your
                  | library.
 36572 | Elf:3    | Got the Papyrus of Flying Arcane Weapons {forbidden}
 37408 | Spider:4 | Got a gossamer rune of Zot
 37412 | Spider:4 | Identified a potion of experience
 37417 | Spider:4 | Gained mutation: You have a pair of large horns on your
                  | head. [demonic ancestry]
 37417 | Spider:4 | Reached XP level 20. HP: 172/172 MP: 22/22
 37693 | Vaults:1 | Entered Level 1 of the Vaults
 37750 | Vaults:1 | Reached skill level 19 in Shields
 38006 | Vaults:1 | Identified the ring "Gievvohi" {Wiz Dex+4}
 38091 | Vaults:1 | Received a gift from Trog
 38095 | Vaults:1 | HP: 38/172 [ironbound frostheart/creeping frost[a vault
                  | warden] (29)]
 38140 | Vaults:1 | HP: 34/172 [orc warlord/+1 great sword of holy wrath (14)]
 38145 | Vaults:1 | HP: 58/258 [yaktaur captain (2)]
 38747 | Vaults:1 | Reached skill level 1 in Unarmed Combat
 38808 | Vaults:1 | Reached skill level 2 in Unarmed Combat
 38809 | Vaults:1 | Reached skill level 3 in Unarmed Combat
 38811 | Vaults:1 | Found Sepuly's Weapon Emporium.
 38819 | Vaults:1 | HP: 31/166 [stone giant simulacrum[a necromancer] (29)]
 38819 | Vaults:1 | Killed from afar by a frost giant

Vanquished Creatures
  Bai Suzhen (Swamp:3)
  A tentacled monstrosity (Swamp:2)
  Asterion (Spider:4)
  2 deep elf blademasters
  A deep elf master archer (Elf:3)
  Gastronok (Lair:1)
  Kirke (Elf:1)
  3 sphinxes (Vaults:1)
  Frances (Elf:1)
  Roxanne (Elf:2)
  Donald (Swamp:1)
  A deep elf sorcerer (Elf:3)
  A vault warden (Vaults:1)
  An emperor scorpion (Spider:2)
  3 orc warlords
  4 ghost moths
  3 broodmothers
  3 deep elf elementalists
  A stone giant (Vaults:1)
  An ironbound thunderhulk (Vaults:1)
  3 deep elf demonologists (Elf:3)
  6 eleionomae
  4 bunyips
  4 entropy weavers
  Azrael (D:15)
  9 deep elf annihilators
  4 dire elephants (Vaults:1)
  3 spark wasps
  2 deep elf death magi
  2 fire dragons
  2 deep elf high priests (Elf:3)
  4 yaktaur captains
  4 vault guards
  2 ice dragons (D:15)
  11 boulder beetles
  Harold (Lair:1)
  3 ogre magi
  13 hydras
  A jorogumo (Spider:2)
  A spriggan air mage (Swamp:2)
  Erica (D:11)
  11 centaur warriors
  An ironbound frostheart (Vaults:1)
  A radroach (Spider:3)
  8 two-headed ogres
  27 dancing weapons
  7 alligators
  22 death yaks
  2 tengu warriors (D:13)
  5 orc high priests
  Sonja (D:10)
  16 deep elf knights
  A fire crab (Lair:1)
  2 pharaoh ants (Spider:4)
  A sun moth (Spider:2)
  5 steelbarb worms
  A death drake (Swamp:3)
  A flayed ghost (Vaults:1)
  6 swamp dragons
  3 bog bodies
  2 goliath frogs
  10 orb spiders
  3 deep trolls (Vaults:1)
  3 wizards
  Pikel (D:9)
  9 deep elf archers
  A phantasmal warrior (D:14)
  20 deep elf pyromancers
  A lindwurm (Lair:6)
  A lindwurm (shapeshifter) (D:14)
  7 ironbound convokers (Vaults:1)
  13 orc knights
  24 deep elf zephyrmancers
  18 ugly things
  14 wolf spiders
  4 orc sorcerers
  4 manticores
  3 will-o-the-wisps
  7 cyclopes
  4 moths of wrath
  8 elephants
  6 black mambas
  2 vault sentinels (Vaults:1)
  2 molten gargoyles (Lair:6)
  6 cane toads
  4 torpor snails
  A cane toad (shapeshifter) (D:14)
  An unseen horror (D:12)
  16 komodo dragons
  2 yaktaurs
  7 demonic crawlers
  A rime drake (Lair:6)
  An unseen horror (shapeshifter) (D:13)
  2 tengu conjurers (D:11)
  A freezing wraith (D:14)
  3 meliai (Spider:2)
  13 hornets
  6 trolls
  6 tyrant leeches
  9 slime creatures
  18 tarantellas
  4 dream sheep (Lair:5)
  8 blink frogs
  3 air elementals
  A centaur simulacrum (D:15)
  22 culicivoras
  A spriggan (shapeshifter) (Elf:1)
  13 spriggans
  2 culicivoras (shapeshifter) (Elf:1)
  2 vampires
  10 fire elementals
  30 jumping spiders
  20 humans (D:13)
  4 wyverns
  6 wraiths
  43 yaks
  3 basilisks
  3 hogs (Elf:1)
  48 redbacks
  Grum (Lair:1)
  12 vampire mosquitoes
  5 steam dragons
  Edmund (D:5)
  4 wargs
  A water moccasin (shapeshifter) (D:15)
  12 swamp worms
  5 hell hounds
  15 water moccasins
  4 swamp drakes
  26 orc warriors
  2 ice beasts
  2 sky beasts
  4 ogres
  18 wolves
  6 centaurs
  A lemure (D:9)
  6 kobold brigands
  A phantom (D:5)
  A necrophage (D:5)
  12 bullfrogs
  A gnoll sergeant (D:6)
  An earth elemental (Elf:1)
  4 scorpions
  9 killer bees
  4 howler monkeys
  5 lava snakes (Lair:6)
  A jelly (D:7)
  3 hounds
  18 orc priests
  3 iguanas
  A gnoll shaman (D:8)
  25 orc wizards
  14 hell rats
  11 gnolls
  7 adders
  A shadow imp (D:4)
  A white imp (D:7)
  2 ufetubi
  4 worms
  A dart slug (D:2)
  86 orcs
  4 bats
  6 endoplasms
  2 giant cockroaches
  7 hobgoblins
  12 jackals
  7 quokkas
  7 ball pythons
  3 frilled lizards
  7 goblins
  29 kobolds
  7 rats
  3 butterflies (Lair:3)
1156 creatures vanquished.

Vanquished Creatures (collateral kills)
  A deep elf master archer (Elf:3)
  A deep elf blademaster (Elf:3)
  2 emperor scorpions (Spider:4)
  3 deep elf sorcerers (Elf:3)
  3 deep elf elementalists (Elf:3)
  2 deep elf annihilators (Elf:3)
  A hydra (D:14)
  A death scarab (Spider:4)
  An orb spider (Spider:4)
  A goliath frog (Swamp:1)
  A deep elf zephyrmancer (Elf:1)
  3 deep elf pyromancers (Elf:1)
  A manticore (D:14)
  A torpor snail (Spider:4)
  A meliai (Spider:4)
  A tarantella (Spider:4)
  A swamp worm (Swamp:1)
  A hell hound (D:14)
26 creatures vanquished.

Vanquished Creatures (others)
  A deep elf sorcerer (Elf:3)
  A deep elf annihilator (Elf:3)
  A dancing weapon (Elf:2)
  A deep elf knight (Elf:2)
  2 deep elf pyromancers (Elf:3)
  A water elemental (Elf:1)
  A basilisk (Lair:6)
  A human (Elf:1)
  A hell hound (D:15)
  An orc priest (Orc:1)
  2 orcs (Orc:2)
  24 foxfires
  14 fungi
  23 plants
74 creatures vanquished.

Grand Total: 1256 creatures vanquished

Table legend:
 A = Non-vault XP
 B = Vault XP
 C = Vault XP percentage of total XP
 D = Non-vault monster count
 E = Vault monster count
 F = Vault count percentage of total count
                 A         B        C        D         E       F
            +---------+---------+-------+---------+---------+-------
      Total |  271485 |  160508 |  37.2 |     851 |     333 |  28.1
            +---------+---------+-------+---------+---------+-------
        D:1 |      15 |       0 |   0.0 |       9 |       0 |   0.0
        D:2 |     143 |       0 |   0.0 |      28 |       0 |   0.0
        D:3 |     177 |       5 |   2.7 |      23 |       1 |   4.2
        D:4 |     373 |       0 |   0.0 |      25 |       0 |   0.0
        D:5 |     500 |     164 |  24.7 |      11 |       1 |   8.3
        D:6 |    1568 |       0 |   0.0 |      27 |       0 |   0.0
        D:7 |     621 |       0 |   0.0 |      13 |       0 |   0.0
        D:8 |    1309 |      36 |   2.7 |      21 |       1 |   4.5
        D:9 |    2923 |    1234 |  29.7 |      22 |      18 |  45.0
       D:10 |    1453 |    3299 |  69.4 |      19 |      12 |  38.7
       D:11 |    3792 |     842 |  18.2 |      11 |       1 |   8.3
       D:12 |    4886 |       0 |   0.0 |      22 |       0 |   0.0
       D:13 |    7212 |    7005 |  49.3 |      18 |      25 |  58.1
       D:14 |   16049 |   21774 |  57.6 |      26 |      39 |  60.0
       D:15 |    6200 |    2771 |  30.9 |      13 |       4 |  23.5
     Lair:1 |    4633 |    3085 |  40.0 |      23 |       7 |  23.3
     Lair:2 |     377 |       0 |   0.0 |       1 |       0 |   0.0
     Lair:3 |    5914 |     893 |  13.1 |      31 |       5 |  13.9
     Lair:4 |    5375 |     184 |   3.3 |      27 |       1 |   3.6
     Lair:5 |   10216 |       0 |   0.0 |      21 |       0 |   0.0
     Lair:6 |   20922 |    6143 |  22.7 |      46 |      23 |  33.3
    Swamp:1 |   17516 |    1364 |   7.2 |      34 |       1 |   2.9
    Swamp:2 |    9100 |    1892 |  17.2 |      17 |       1 |   5.6
    Swamp:3 |   11798 |    6362 |  35.0 |      27 |       6 |  18.2
    Swamp:4 |     623 |       0 |   0.0 |       3 |       0 |   0.0
   Spider:1 |   13772 |       0 |   0.0 |      41 |       0 |   0.0
   Spider:2 |   14796 |       0 |   0.0 |      39 |       0 |   0.0
   Spider:3 |   13073 |       0 |   0.0 |      31 |       0 |   0.0
   Spider:4 |   20976 |   18720 |  47.2 |      52 |      33 |  38.8
      Orc:1 |    3515 |       0 |   0.0 |      43 |       0 |   0.0
      Orc:2 |    3182 |    7626 |  70.6 |      22 |      30 |  57.7
      Elf:1 |    9127 |   15760 |  63.3 |      15 |      28 |  65.1
      Elf:2 |    8901 |   21785 |  71.0 |      15 |      28 |  65.1
      Elf:3 |   23987 |   26848 |  52.8 |      38 |      30 |  44.1
   Vaults:1 |   26461 |   11250 |  29.8 |      37 |      12 |  24.5
     Bailey |       0 |    1466 | 100.0 |       0 |      26 | 100.0
            +---------+---------+-------+---------+---------+-------

Illustrated notes

......#..........#..........^...#
...#...^............#.#....##...#
......#..#^.#.........#..##.^...#
................^.......?.^......
.................#.##.....#....^.
.................^...#^..#...#^#.
..#.......#.#...................<
....#^#.#........#.#.#..^........
#....#..........@..............#.
...#.......#........#.#..^.^.....
#.#...#.##........#..........^.#.
..................^..#^...#.##...
^...........#..^.........#.^#...>
...#.............................
.#..^#.....#......^.............#
.^#.#..#.#.........#...#.........
.....#.........#.............#...


Turn 26489 on Spider:3: e Careful

Table legend:
 A = Kills in this place as a percentage of kills in entire the game.
 B = Kills by you in this place as a percentage of kills by you in the entire game.
 C = Kills by friends in this place as a percentage of kills by friends in the entire game.
 D = Other kills in this place as a percentage of other kills in the entire game.
 E = Experience gained in this place as a percentage of experience gained in the entire game.
 F = Experience gained in this place divided by the number of levels of this place that you have seen.
                   A       B       C       D       E      F
               +-------+-------+-------+-------+-------+----------------------
         Total | 100.0 | 100.0 | 100.0 | 100.0 | 100.0 | 11999.8
       Dungeon |  32.9 |  33.5 |  11.5 |  16.7 |  19.5 | 5623.4
          Lair |  15.6 |  16.0 |   0.0 |  16.7 |  13.4 | 9623.7
         Swamp |   7.5 |   7.6 |   7.7 |   0.0 |  11.3 | 12163.8
   Spider Nest |  16.6 |  16.4 |  26.9 |   0.0 |  18.8 | 20334.2
  Orcish Mines |   8.0 |   8.2 |   0.0 |   0.0 |   3.3 | 7161.5
   Elven Halls |  13.0 |  11.8 |  53.8 |  66.7 |  24.6 | 35469.3
        Vaults |   4.1 |   4.3 |   0.0 |   0.0 |   8.7 | 37711.0
        Bailey |   2.2 |   2.3 |   0.0 |   0.0 |   0.3 | 1466.0
               +-------+-------+-------+-------+-------+----------------------

Table legend: (Time is in decaauts)
 A = Elapsed time spent in this place.
 B = Non-inter-level travel time spent in this place.
 C = Inter-level travel time spent in this place.
 D = Time resting spent in this place.
 E = Time spent auto-exploring this place.
 F = Levels seen in this place.
 G = Mean time per level.
                   A        B        C        D        E       F      G
               +--------+--------+--------+--------+--------+-----+--------+
         Total |  41259 |  37797 |   3462 |   9156 |  20810 |  36 | 1146.1 |
       Dungeon |  17036 |  15446 |   1590 |   3541 |   9259 |  15 | 1135.7 |
          Lair |   4850 |   4331 |    519 |    312 |   3022 |   6 |  808.3 |
         Swamp |   3539 |   3392 |    147 |    752 |   1862 |   4 |  884.8 |
   Spider Nest |   5735 |   5073 |    662 |   2060 |   1923 |   4 | 1433.8 |
  Orcish Mines |   1559 |   1360 |    199 |    481 |    456 |   2 |  779.5 |
   Elven Halls |   6843 |   6563 |    280 |   1787 |   3501 |   3 | 2281.0 |
        Vaults |    969 |    907 |     62 |     43 |    595 |   1 |  969.0 |
        Bailey |    726 |    726 |      0 |    177 |    188 |   1 |  726.0 |
               +--------+--------+--------+--------+--------+-----+--------+

Top non-repeatable levels by time:
   Elf:3: 3081 daAuts
   Elf:2: 1975 daAuts
Spider:3: 1884 daAuts
   Elf:1: 1787 daAuts
    D:14: 1718 daAuts
Spider:2: 1580 daAuts
     D:4: 1573 daAuts
     D:2: 1433 daAuts
     D:6: 1377 daAuts
     D:9: 1351 daAuts
 Swamp:1: 1280 daAuts
    D:13: 1239 daAuts
 Swamp:3: 1230 daAuts
     D:3: 1154 daAuts
Spider:4: 1136 daAuts
